 Dungeon Crawl Stone Soup version 0.22.1-1-ga44c0e5 (webtiles) character file.

32 dvd the Digger (level 3, 0/21 HPs)
             Began as an Octopode Earth Elementalist on Nov 1, 2018.
             Slain by an adder (4 damage)
             ... on level 2 of the Dungeon.
             The game lasted 00:02:25 (1039 turns).

dvd the Digger (Octopode Earth Elementalist)        Turns: 1039, Time: 00:02:26

Health: 0/21       AC:  1    Str:  7    XL:     3   Next: 27%
Magic:  1/6        EV: 13    Int: 18    God:
Gold:   64         SH:  0    Dex: 12    Spells: 5/6 levels left

rFire    . . .     SeeInvis .   g - +0 spear
rCold    . . .     Gourm    .   (no shield)
rNeg     . . .     Faith    .   (helmet restricted)
rPois    .         Spirit   .   (no amulet)
rElec    .         Reflect  .   (no ring)
rCorr    .         Harm     .   (no ring)
MR       .....                  (no ring)
Stlth    +++.......             (no ring)
HPRegen  0.07/turn              (no ring)
MPRegen  0.10/turn              (no ring)
                                (no ring)
                                (no ring)

@: lethally poisoned (0 -> -8), very slightly contaminated
A: almost no armour, stealthy swim, amphibious, 8 rings, constrict 8, camouflage
1, gelatinous body 1
a: no special abilities


You were on level 2 of the Dungeon.
You were not hungry.

You visited 1 branch of the dungeon, and saw 2 of its levels.

You collected 64 gold pieces.

Inventory:

Hand Weapons
 d - a +0 dagger
 g - a +0 spear (weapon)
 l - a +0 hand axe
Missiles
 b - 72 stones (quivered)
 e - 14 tomahawks
Scrolls
 f - a scroll of remove curse {unknown}
 h - 3 scrolls of identify {unknown}
Potions
 a - 2 potions of berserk rage {unknown}
 i - a potion of degeneration {unknown}
 j - a potion of magic {unknown}
 k - a potion of might {unknown}
Comestibles
 c - 3 rations
 m - 5 chunks of flesh


   Skills:
 + Level 0.8 Polearms
 + Level 2.1 Dodging
 + Level 2.9 Stealth
 + Level 2.3 Spellcasting
   Level 1.0 Transmutations
 + Level 3.7 Earth Magic


You had 5 spell levels left.
You knew the following spells:

 Your Spells              Type           Power        Failure   Level  Hunger
a - Sandblast             Erth           ###...       3%          1    #......

Your spell library contained the following spells:

 Spells                   Type           Power        Failure   Level  Hunger
 Passwall                 Tmut/Erth      ##......     10%         2    ##.....
 Stone Arrow              Conj/Erth      #.....       24%         3    ###....
 Petrify                  Tmut/Erth      ##......     54%         4    #####..
 Lee's Rapid Deconstruct  Erth           ###.......   71%         5    ######.


Dungeon Overview and Level Annotations

Branches:
Dungeon (2/15)

Altars:


Innate Abilities, Weirdness & Mutations

You cannot wear most types of armour.
You are very stealthy in the water. (Stealth+)
You are amphibious.
You can wear up to eight rings at the same time.
You can use your tentacles to constrict eight enemies at once.
Your skin changes colour to match your surroundings (Stealth+).
Your rubbery body absorbs attacks. (AC +1, EV +1)


Message History

Confirm with . or Enter, or press ? or * to list all spells.
Aiming: Sandblast (safe; 3% risk of failure)
Press: ? - help, Shift-Dir - straight line, f/p - adder
Aim: an adder You miscast Sandblast.
You are very lightly contaminated with residual magic.
Nothing appears to happen.
The adder bites you.
* * * LOW HITPOINT WARNING * * *
You are lethally poisoned!
The adder poisons you! The adder closely misses you.
Casting: Sandblast (safe; 3% risk of failure)
Confirm with . or Enter, or press ? or * to list all spells.
Aiming: Sandblast (safe; 3% risk of failure)
Press: ? - help, Shift-Dir - straight line, f/p - adder
Aim: an adder The blast of sand misses the adder.
b - 72 stones
* * * LOW HITPOINT WARNING * * *
You feel sick. The adder bites you.
You die...

.. ..#.#.# #
........####.#...#.#.# #
...............#.#.#.###
...............#.#......
.........>.....#.#....##
..............#.#......
#..........##.#..).##
####..S†................
.......@......##........
.#####+####.####........
#.# #(....... #..
+....#... #### #....#.##
....###.. ###.# #### #


You could see an adder.

Vanquished Creatures
  An adder (D:2)
  A dart slug (D:1)
  A leopard gecko (D:1)
  A bat (D:1)
  2 giant cockroaches
  5 goblins
  2 jackals (D:2)
  2 kobolds (D:1)
  A ball python (D:2)
  2 frilled lizards
  2 rats (D:1)
20 creatures vanquished.

Notes
Turn   | Place    | Note
-------+----------+-------------------------------------------
     0 | D:1      | dvd the Octopode Earth Elementalist began the quest for the
                  | Orb.
     0 | D:1      | Reached XP level 1. HP: 11/11 MP: 3/3
   279 | D:1      | Reached XP level 2. HP: 17/17 MP: 1/5
   935 | D:2      | Reached XP level 3. HP: 21/21 MP: 1/6
  1039 | D:2      | Slain by an adder

Action                   || total
-------------------------++-------
Melee: Spear             ||     7
       Constrict         ||     1
       Tentacles         ||     1
 Cast: Sandblast         ||    24
 Stab: Sleeping          ||     4
  Eat: Chunk             ||     1
Dodge: Dodged            ||     6
